 Dungeon Crawl Stone Soup version 0.28.0-53-g5a82cb258f (webtiles) character file.

Game seed: 1094348667161180748

211 MiltankisOP the Grave Robber (level 5, -1/28 HPs)
             Began as a Vampire Necromancer on July 12, 2022.
             Slain by a black bear (5 damage)
             ... on level 4 of the Dungeon.
             The game lasted 00:11:32 (4198 turns).

MiltankisOP the Grave Robber (Vampire Necromancer)  Turns: 4198, Time: 00:11:33

Health: -1/28      AC:  2    Str:  7    XL:     5   Next: 57%
Magic:  4/11       EV: 12    Int: 20    God:
Gold:   128        SH:  0    Dex: 14    Spells: 8/12 levels left

rFire   . . .      SeeInvis +   e - +0 short sword
rCold   + + .      Faith    .   (no shield)
rNeg    + + +      Spirit   .   a - +0 robe
rPois   ∞          Reflect  .   (no helmet)
rElec   .          Harm     .   (no cloak)
rCorr   .          Rampage  .   (no gloves)
Will    .....                   (no boots)
Stlth   ++++......              (no amulet)
HPRegen 0.00/turn               (no ring)
MPRegen 0.12/turn               (no ring)

@: bloodless, inhibited regen
A: bloodless, fangs 3, see invisible, vampiric 2
a: Bat Form, Revivify


You were on level 4 of the Dungeon.
You visited 1 branch of the dungeon, and saw 4 of its levels.
You also visited: Ossuary.

You collected 128 gold pieces.

Inventory:

Hand Weapons
 e - a +0 short sword (weapon)
Armour
 a - a +0 robe (worn)
Scrolls
 b - 4 scrolls of identify {unknown}
 d - a scroll of enchant armour {unknown}
 h - a scroll of summoning {unknown}
 j - 2 scrolls of enchant weapon {unknown}
 k - a scroll of brand weapon {unknown}
 n - a scroll of silence {unknown}
Potions
 c - 2 potions of resistance {unknown}
 f - 2 potions of haste {unknown}
 g - a potion of ambrosia {unknown}
 i - a potion of curing {unknown}
 l - a potion of invisibility {unknown}
 m - 2 potions of lignification {unknown}


   Skills:
 + Level 0.2 Fighting
 + Level 0.3 Short Blades
 - Level 2.4 Dodging
 - Level 3.3 Stealth
 - Level 4.0 Spellcasting
 - Level 6.0 Necromancy


You had 8 spell levels left.
You knew the following spells:

 Your Spells              Type           Power      Damage    Failure   Level
a - Pain                  Necr           100%       1d9       1%          1
b - Vampiric Draining     Necr           28%        2d8       3%          3

Your spell library contained the following spells:

 Spells                   Type           Power      Damage    Failure   Level
 Animate Skeleton         Necr           56%        N/A       1%          1
 Animate Dead             Necr           14%        N/A       11%         4
 Sandblast                Erth           8%         2d5       13%         1
 Passwall                 Tmut/Erth      3%         N/A       19%         2
 Agony                    Necr           28%        N/A       30%         5
 Gell's Gravitas          Tloc           4%         N/A       36%         3
 Stone Arrow              Conj/Erth      8%         3d7       36%         3
 Teleport Other           Tloc           4%         N/A       36%         3
 Cause Fear               Hex            2%         N/A       77%         4
 Dispersal                Tloc           2%         N/A       100%        6
 Dragon Form              Tmut           2%         N/A       100%        7
 Dragon's Call            Summ           2%         N/A       100%        9


Dungeon Overview and Level Annotations

Branches:
Dungeon (4/15)            Ossuary (visited)
 Temple: D:4-7

Altars:
Gozag


Innate Abilities, Weirdness & Mutations

You do not regenerate when monsters are visible.
You are frail without blood (-20% HP).
You can heal yourself when you bite living creatures.
You are immune to poison.
You have razor-sharp teeth.
You have supernaturally acute eyesight. (SInv)
You are afflicted with vampirism and can become a bat while bloodless.


Message History

The black bear writhes in agony.
Casting: Pain (safe; 1% risk of failure)
Confirm with . or Enter, or press ? or * to list all spells.
Aiming: Pain (safe; 1% risk of failure)
Press: ? - help, Shift-Dir - straight line, f/p - black bear
Aim: a black bear (heavily wounded, chance to affect: 83%)
The black bear writhes in agony.
The black bear bites you. The black bear claws you. x2
Casting: Pain (safe; 1% risk of failure)
Confirm with . or Enter, or press ? or * to list all spells.
Aiming: Pain (safe; 1% risk of failure)
Press: ? - help, Shift-Dir - straight line, f/p - black bear
Aim: a black bear (severely wounded, chance to affect: 83%)
The black bear barely resists.
The black bear barely misses you. The black bear claws you.
The black bear claws you but does no damage.
Casting: Pain (safe; 1% risk of failure)
Confirm with . or Enter, or press ? or * to list all spells.
Aiming: Pain (safe; 1% risk of failure)
Press: ? - help, Shift-Dir - straight line, f/p - black bear
Aim: a black bear (severely wounded, chance to affect: 83%)
The black bear writhes in agony.
The black bear bites you.
The black bear claws you but does no damage.
The black bear misses you.
Casting: Pain (safe; 1% risk of failure)
Confirm with . or Enter, or press ? or * to list all spells.
Aiming: Pain (safe; 1% risk of failure)
Press: ? - help, Shift-Dir - straight line, f/p - black bear
Aim: a black bear (severely wounded, chance to affect: 83%)
The black bear writhes in agony.
The black bear goes berserk!
Casting: Pain (safe; 1% risk of failure)
Confirm with . or Enter, or press ? or * to list all spells.
Aiming: Pain (safe; 1% risk of failure)
Press: ? - help, Shift-Dir - straight line, f/p - black bear
Aim: a black bear (severely wounded, berserk, chance to affect: 83%)
The black bear barely resists.
The black bear closely misses you. The black bear claws you.
* * * LOW HITPOINT WARNING * * *
The black bear claws you.
You die...

#. ## #. ..##..
#.... ###...#
.....## #....###
##@h...#
##..###....
##########..## .
.####...........#
...........######
#######..###
##...###
#......##
##.......##


You could see a black bear (berserk).

Vanquished Creatures
  A vampire bat (D:3)
  A hound (D:4)
  5 adders
  A white imp (D:3)
  A worm (D:2)
  2 dart slugs
  2 orcs (D:4)
  4 ball pythons
  6 endoplasms
  2 giant cockroaches
  13 goblins
  6 hobgoblins
  2 jackals (D:2)
  7 kobolds
  3 quokkas
  14 bats
  3 frilled lizards (D:1)
  2 orc zombies (D:4)
  3 rats
78 creatures vanquished.

Notes
Turn   | Place    | Note
-------+----------+-------------------------------------------
     0 | D:1      | MiltankisOP the Vampire Necromancer began the quest for the
                  | Orb.
     0 | D:1      | Reached XP level 1. HP: 13/13 MP: 3/3
   328 | D:1      | Reached XP level 2. HP: 10/17 MP: 0/5
  1000 | D:1      | Found a faded altar of an unknown god.
  1119 | D:1      | Gained mutation: You are afflicted with vampirism and can
                  | become a bat while bloodless. [Vampire growth]
  1119 | D:1      | Reached XP level 3. HP: 14/21 MP: 0/6
  1471 | D:2      | Reached skill level 5 in Necromancy
  2234 | D:3      | Reached XP level 4. HP: 21/24 MP: 5/8
  3008 | D:3      | Reached XP level 5. HP: 7/28 MP: 11/11
  3373 | D:3      | Learned a level 3 spell: Vampiric Draining
  3415 | D:3      | Found an opulent altar of Gozag.
  3650 | D:4      | Found a sand-covered staircase.
  3663 | Ossuary  | Entered an ossuary
  3983 | D:4      | Reached skill level 6 in Necromancy
  4190 | D:4      | Noticed a black bear
  4198 | D:4      | Slain by a black bear

Illustrated notes

Levels and vault maps discovered:
D:1:      minmay_arrival_four_loops, layout_basic,
          shapermc_ecumenical_altar_flowoftime, kennysheep_decorative_pillar,
          minmay_pentomino_r4
D:2:      layout_rooms, serial_aquarium, aquarium_bridge_square
          [aquarium_subvault_wall, aquarium_subvault_bridge,
          aquarium_subvault_window, aquarium_subvault_balcony],
          aquarium_bridge_square [aquarium_subvault_window,
          aquarium_subvault_bridge, aquarium_subvault_window,
          aquarium_subvault_bridge], aquarium_window_corridor_1,
          aquarium_window_2, aquarium_window_1, aquarium_window_double,
          aquarium_view_4, aquarium_balcony_double_4, aquarium_pool_double
D:3:      layout_rooms, mainiacjoe_overflow_tiny_flanked, roderic_batcave
D:4:      layout_layer_cave, enter_ossuary_3, uniq_menkaure

Skill      XL: |  1  2  3  4  5 |
---------------+----------------+-----
Necromancy     | 5 6 |  6.0
Spellcasting   | 3 4 |  4.0
Fighting       | |  0.2
Short Blades   | |  0.3
Dodging        | |  2.4
Stealth        | |  3.3

Action                   |  1- 3 |  4- 6 || total
-------------------------+-------+-------++-------
Melee: Unarmed           |    33 |       ||    33
       Punch             |     1 |       ||     1
       Short sword       |     5 |    29 ||    34
       Bite              |     1 |     3 ||     4
 Cast: Pain              |    88 |    68 ||   156
 Abil: Exsanguinate      |     2 |       ||     2
       Revivify          |     1 |       ||     1
 Stab: Sleeping          |     1 |     3 ||     4
Armor: Robe              |    12 |    19 ||    31
Dodge: Dodged            |    47 |    35 ||    82
